 Dungeon Crawl Stone Soup version 0.28.0-47-ge53b351184 (webtiles) character file.

Game seed: 6320639916085759710

55 issech the Cudgeller (level 3, 0/36 HPs)
             Began as a Troll Fighter on Apr 30, 2022.
             Killed from afar by an orc wizard (2 damage)
             ... with a puff of flame
             ... on level 3 of the Dungeon.
             The game lasted 00:06:44 (2079 turns).

issech the Cudgeller (Troll Fighter)                Turns: 2079, Time: 00:06:45

Health: 0/36       AC:  4    Str: 24    XL:     3   Next: 67%
Magic:  2/2        EV:  9    Int:  4    God:
Gold:   65         SH:  0    Dex: 11    Spells: 2/2 levels left

rFire   . . .      SeeInvis .   w - +3 mace (protect)
rCold   . . .      Faith    .   g - +0 kite shield
rNeg    . . .      Spirit   .   b - +0 robe
rPois   .          Reflect  .   (helmet restricted)
rElec   .          Harm     .   (no cloak)
rCorr   .          Rampage  .   (gloves unavailable)
Will    .....                   (boots unavailable)
Stlth   +.........              (no amulet)
HPRegen 0.92/turn               (no ring)
MPRegen 0.08/turn               (no ring)

@: confused
A: large, unfitting armour, claws 3, regeneration 1, shaggy fur 1, tough skin 1
a: no special abilities


You were on level 3 of the Dungeon.
You visited 1 branch of the dungeon, and saw 3 of its levels.

You collected 65 gold pieces.

Inventory:

Hand Weapons
 a - a +0 flail
 w - a +3 mace of protection (weapon)
Missiles
 e - 48 stones (quivered)
 q - 21 arrows
 r - 4 poisoned darts
 t - 23 sling bullets
 u - 23 bolts
Armour
 b - a +0 robe (worn)
 g - a +0 kite shield (worn)
Scrolls
 c - a scroll of holy word {unknown}
 f - a scroll of torment {unknown}
 h - 2 scrolls of enchant armour {unknown}
 k - a scroll of amnesia {unknown}
 m - a scroll of enchant weapon {unknown}
 n - a scroll of magic mapping {unknown}
 p - a scroll of identify {unknown}
 s - a scroll of noise {unknown}
Potions
 d - a potion of might
 i - 2 potions of flight {unknown}
 j - a potion of magic {unknown}
 l - 2 potions of cancellation {unknown}
 o - a potion of ambrosia {unknown}
 v - a potion of resistance {unknown}


   Skills:
 + Level 2.7 Fighting
 + Level 2.8 Maces & Flails
 + Level 0.1 Throwing
 + Level 2.7 Dodging
 + Level 2.6 Shields


You had 2 spell levels left.
You didn't know any spells.
Your spell library contained the following spells:

 Spells                   Type           Power      Damage    Failure   Level
 Ensorcelled Hibernation  Hex/Ice        0%         N/A       91%         2
 Call Canine Familiar     Summ           0%         N/A       99%         3
 Portal Projectile        Hex/Tloc       0%         N/A       99%         3
 Spider Form              Tmut/Pois      0%         N/A       99%         3
 Anguish                  Hex/Necr       0%         N/A       100%        4
 Leda's Liquefaction      Hex/Erth       0%         N/A       100%        4


Dungeon Overview and Level Annotations

Branches:
Dungeon (3/15)

Altars:
Okawaru

Shops:
D:2 [


Innate Abilities, Weirdness & Mutations

You are too large for most types of armour.
You have claws for hands.
Your natural rate of healing is unusually fast.
You are covered in fur. (AC +1)
You have tough skin. (AC +1)


Message History

You are confused.
You bump into the rock wall.
The orc wizard points at you and mumbles some strange words.
The puff of flame hits you!
You're too confused to move!
The orc wizard points at you and mumbles some strange words.
You are more confused.
The orc wizard gestures at you while chanting.
You resist with significant effort.
The orc priest mumbles some strange prayers to Beogh against you.
Pain shoots through your body!
You feel less confused.
The orc priest calls down the wrath of Beogh upon you.
Beogh smites you!
The orc wizard hits you with a +0 dagger.
You hear a shout!
You hit the orc wizard.
Your weapon exudes an aura of protection.
The orc wizard is moderately wounded.
You block the orc wizard's attack.
You barely miss the orc wizard.
The orc wizard is moderately wounded.
The orc wizard barely misses you. The orc wizard casts a spell at you.
You are confused.
You're too confused to move!
The orc wizard hits you with a +0 dagger.
The orc wizard closely misses you.
The orc priest looks braver for a moment.
The orc wizard hits you with a +0 dagger.
The orc wizard casts a spell at you. The puff of flame hits you!
* * * LOW HITPOINT WARNING * * *
You closely miss the orc wizard.
The orc wizard is moderately wounded.
The orc wizard hits you with a +0 dagger.
* * * LOW HITPOINT WARNING * * *
The orc wizard gestures at you while chanting.
The puff of flame hits you.
You die...

≈#......#≈≈≈.....## ≈≈
≈........≈≈≈..P.###
≈≈≈ #......#≈≈≈≈.##.##
≈≈.###....###o≈≈.P..##
≈≈≈≈#......#≈≈≈≈..##.#
≈≈≈........≈≈≈...P.##
≈#......#≈≈P.##.###
##o...###≈..P.## #
#@o....#....### #
#......###########
###......†........
################


You could see 2 orc wizards.

Vanquished Creatures
  3 dart slugs
  7 ball pythons (D:1)
  8 endoplasms
  4 giant cockroaches
  2 hobgoblins (D:1)
  2 jackals (D:3)
  4 kobolds
  A quokka (D:3)
  5 bats
  A frilled lizard (D:2)
  8 rats
  A bush (D:1)
46 creatures vanquished.

Vanquished Creatures (others)
  4 plants
4 creatures vanquished.

Grand Total: 50 creatures vanquished

Notes
Turn   | Place    | Note
-------+----------+-------------------------------------------
     0 | D:1      | issech the Troll Fighter began the quest for the Orb.
     0 | D:1      | Reached XP level 1. HP: 22/22 MP: 0/0
    72 | D:1      | Found a faded altar of an unknown god.
   124 | D:1      | Reached XP level 2. HP: 29/29 MP: 1/1
   603 | D:1      | Reached XP level 3. HP: 36/36 MP: 2/2
  1082 | D:2      | Found Tiesm's Antique Armour Boutique.
  1712 | D:2      | Found an iron altar of Okawaru.
  2079 | D:3      | Killed from afar by an orc wizard

Illustrated notes

Levels and vault maps discovered:
D:1:      dpeg_arrival_prison, layout_basic, ebering_ecumenical_altar_rust,
          serial_forest, infiniplex_forest_clump_small,
          infiniplex_forest_clump_long, infiniplex_forest_clump_tiny,
          infiniplex_forest_join, infiniplex_forest_pool,
          infiniplex_forest_clump_tiny, infiniplex_forest_clump_small,
          infiniplex_forest_fountain
D:2:      layout_basic, basic_altar, serial_shops, shop, hangedman_decor_growths
D:3:      wad_lake_hut, layout_basic, chequers_arboretum

Skill      XL: |  1  2 |
---------------+-------+-----
Maces & Flails | 2 |  2.8
Fighting       | |  2.7
Throwing       | |  0.1
Dodging        | |  2.7
Shields        | |  2.6

Action                   || total
-------------------------++-------
Melee: Flail             ||   177
       Mace              ||    31
Throw: Stone             ||    10
Armor: Robe              ||    56
Dodge: Dodged            ||    58
Block: Kite shield       ||    58
